 Dungeon Sprint DCSS version 0.30-a0-359-gd0147acb1a (webtiles) character file.

Game seed: 2040023863820777868

1900000 opdollar the Spear-Bearer (level 13, -30/114 HPs)
             Began as a Gnoll Berserker on Nov 11, 2022.
             Was a Believer of Trog.
             Annihilated by a meat berserker
             ... wielding a +9 battleaxe
              (49 damage)
             ... in the Dungeon (Sprint VIII: "Arena of Blood").
             The game lasted 00:04:12 (19 turns).

opdollar the Spear-Bearer (Gnoll Berserker)           Turns: 19, Time: 00:04:14

Health: -30/114    AC:  3    Str: 16    XL:     13   Next: 31%
Magic:  3/30       EV: 19    Int:  9    God:    Trog [**....]
Gold:   0          SH:  0    Dex: 15    Spells: 39/39 levels left

rFire   . . .      SeeInvis .    i - +∞ Axe of Woe
rCold   . . .      Faith    .    (shield currently unavailable)
rNeg    . . .      Spirit   .    b - +0 animal skin
rPois   .          Reflect  .    (no helmet)
rElec   .          Harm     .    (no cloak)
rCorr   .          Rampage  .    (no gloves)
Will    ++...      NoTele   +    (no boots)
Stlth   +++++.....               (no amulet)
HPRegen 1.39/turn                (no ring)
MPRegen 0.22/turn                (no ring)

@: strong-willed, on berserk cooldown, regenerating, slowed, very slow
A: fangs 1, strong nose, distributed training
a: Renounce Religion, Berserk, Trog's Hand


You were in the Dungeon.
You worshipped Trog.
Trog was pleased with you.
You visited 1 branch

Inventory:

Hand Weapons
 a - a +0 spear
 i - the +∞ Axe of Woe (weapon)
   (You found it in the Dungeon)
Armour
 b - a +0 animal skin (worn)
Jewellery
 j - a +30 ring of slaying
Scrolls
 h - a scroll of blinking
Potions
 c - a potion of curing
 d - a potion of heal wounds
 e - a potion of haste
 f - 2 potions of magic
 g - a potion of berserk rage


   Skills:
 + Level 14.9 Fighting
 + Level 13.5 Short Blades
 + Level 13.5 Long Blades
 + Level 13.5 Axes
 + Level 13.5 Maces & Flails
 + Level 14.9 Polearms
 + Level 13.5 Staves
 + Level 13.5 Ranged Weapons
 + Level 13.5 Throwing
 + Level 14.2 Armour
 + Level 14.2 Dodging
 + Level 13.5 Stealth
 + Level 13.5 Shields
 + Level 13.5 Unarmed Combat
 + Level 13.5 Spellcasting
 + Level 11.4 Conjurations
 + Level 11.4 Hexes
 + Level 11.4 Summonings
 + Level 11.4 Necromancy
 + Level 11.4 Translocations
 + Level 11.4 Transmutations
 + Level 11.4 Fire Magic
 + Level 11.4 Ice Magic
 + Level 11.4 Air Magic
 + Level 11.4 Earth Magic
 + Level 11.4 Poison Magic
 + Level 14.6 Invocations
 + Level 13.5 Evocations


You had 39 spell levels left.
You didn't know any spells.
Your spell library was empty.

Dungeon Overview and Level Annotations

Branches:
Dungeon (1/1)

Altars:
Makhleb


Innate Abilities, Weirdness & Mutations

You have very sharp teeth.
Your uncanny sense of smell can sniff out nearby items.
Your experience applies equally to all skills.


Message History

A meat berserker comes into view. It is wielding a +9 battleaxe.
You are no longer berserk.
You are exhausted.
You feel yourself slow down.
The bag of meat shouts!
The meat berserker shouts!
You hear a shout!
A bag of meat comes into view. It is wielding a +9 war axe. x2
You hear a shout! x5
You hear a shout! x7
A meat berserker comes into view. It is wielding a +9 battleaxe.
You hear a shout! x3
A meat berserker comes into view. It is wielding a +9 battleaxe.
The meat berserker shouts!
You hear a shout! x2
The meat berserker rages.
You hear a shout! x6
A bag of meat comes into view. It is wielding a +9 war axe.
You hear a shout! x4
A bag of meat comes into view. It is wielding a +9 war axe.
You hear a shout!
The bag of meat moves out of view.
You hear a shout!
A bag of meat comes into view. It is wielding a +9 war axe.
You hear a shout! x11
A meat berserker comes into view. It is wielding a +9 battleaxe.
You hear a shout! x2
A bag of meat comes into view. It is wielding a +9 war axe.
The bag of meat moves out of view.
You're still recovering from your berserk rage.
Your skin crawls.
You feel strong-willed.
You hear a shout! x3
The meat berserker hits you with a +9 battleaxe!!!!
Ouch! That really hurt!
* * * LOW HITPOINT WARNING * * *
You hear a shout!
The meat berserker rages.
You hear a shout! x3
A bag of meat comes into view. It is wielding a +9 war axe.
You hear a shout! x5
The meat berserker hits you with a +9 battleaxe!!!
You die...

.........
......... #.
.....# #.. ....#
.. .###..
...###...
......###)...o...
......_..O..O...
...#....O#......
#_.O@_# .....
#.o.O.# ..o.
o.O..._.....o...
......###oo......
.###.. .o.###...
#.. oo.# . #.
...# .. ...oo
....


You could see 5 meat berserkers and 9 bags of meat.

Vanquished Creatures
  4 orcs (D)
4 creatures vanquished.

Notes
Turn   | Place    | Note
-------+----------+-------------------------------------------
     0 | D        | Found the +∞ Axe of Woe
     0 | D        | opdollar the Gnoll Berserker began the quest for the Orb.
     0 | D        | Reached XP level 1. HP: 23/23 MP: 1/1
     2 | D        | Noticed a bag of meat
     2 | D        | Noticed a bag of meat
     3 | D        | Noticed a bag of meat
     4 | D        | Noticed a bag of meat
     7 | D        | Killed a bag of meat
     8 | D        | Reached skill level 10 in Short Blades
     8 | D        | Reached skill level 10 in Long Blades
     8 | D        | Reached skill level 10 in Axes
     8 | D        | Reached skill level 10 in Maces & Flails
     8 | D        | Reached skill level 10 in Staves
     8 | D        | Reached skill level 10 in Ranged Weapons
     8 | D        | Reached skill level 10 in Throwing
     8 | D        | Reached skill level 10 in Stealth
     8 | D        | Reached skill level 10 in Shields
     8 | D        | Reached skill level 10 in Unarmed Combat
     8 | D        | Reached skill level 10 in Spellcasting
     8 | D        | Reached skill level 10 in Evocations
     8 | D        | Reached XP level 2. HP: 38/38 MP: 1/13
     8 | D        | Reached XP level 3. HP: 44/44 MP: 1/14
     8 | D        | Reached XP level 4. HP: 51/51 MP: 1/16
     8 | D        | Reached XP level 5. HP: 57/57 MP: 1/17
     8 | D        | Reached XP level 6. HP: 64/64 MP: 1/19
     8 | D        | Reached XP level 7. HP: 69/69 MP: 1/20
     8 | D        | Reached XP level 8. HP: 76/76 MP: 1/22
     8 | D        | Reached XP level 9. HP: 82/82 MP: 1/23
     8 | D        | Reached XP level 10. HP: 89/89 MP: 1/24
     8 | D        | Reached XP level 11. HP: 95/95 MP: 1/25
     8 | D        | Killed a bag of meat
     9 | D        | Reached XP level 12. HP: 105/105 MP: 1/27
     9 | D        | Killed a bag of meat
     9 | D        | Reached ** piety under Trog
     9 | D        | Noticed a bag of meat
    10 | D        | Reached skill level 10 in Conjurations
    10 | D        | Reached skill level 10 in Hexes
    10 | D        | Reached skill level 10 in Summonings
    10 | D        | Reached skill level 10 in Necromancy
    10 | D        | Reached skill level 10 in Translocations
    10 | D        | Reached skill level 10 in Transmutations
    10 | D        | Reached skill level 10 in Fire Magic
    10 | D        | Reached skill level 10 in Ice Magic
    10 | D        | Reached skill level 10 in Air Magic
    10 | D        | Reached skill level 10 in Earth Magic
    10 | D        | Reached skill level 10 in Poison Magic
    12 | D        | Killed a bag of meat
    13 | D        | Reached XP level 13. HP: 114/114 MP: 1/30
    13 | D        | Noticed a bag of meat
    13 | D        | Noticed a bag of meat
    14 | D        | Noticed a meat berserker
    15 | D        | Noticed a bag of meat
    15 | D        | Noticed a meat berserker
    15 | D        | Noticed a bag of meat
    15 | D        | Noticed a bag of meat
    16 | D        | Noticed a meat berserker
    17 | D        | Noticed a meat berserker
    17 | D        | Noticed a bag of meat
    17 | D        | Noticed a bag of meat
    18 | D        | Noticed a bag of meat
    18 | D        | Noticed a meat berserker
    18 | D        | Noticed a bag of meat
    19 | D        | Noticed a bag of meat
    19 | D        | Annihilated by a meat berserker

Illustrated notes

Levels and vault maps discovered:
D:        meatsprint

Skill      XL: |  1  2  3  4  5  6  7  8  9 10 11 12 |
---------------+-------------------------------------+-----
Fighting       | 11 13 14 | 14.9
Short Blades   | 10 11 13 | 13.5
Long Blades    | 10 11 13 | 13.5
Axes           | 10 11 13 | 13.5
Maces & Flails | 10 11 13 | 13.5
Polearms       | 11 13 14 | 14.9
Staves         | 10 11 13 | 13.5
Ranged Weapons | 10 11 13 | 13.5
Throwing       | 10 11 13 | 13.5
Armour         | 11 12 14 | 14.2
Dodging        | 11 12 14 | 14.2
Stealth        | 10 11 13 | 13.5
Shields        | 10 11 13 | 13.5
Unarmed Combat | 10 11 13 | 13.5
Spellcasting   | 10 11 13 | 13.5
Conjurations   | 8 9 11 | 11.4
Hexes          | 8 9 11 | 11.4
Summonings     | 8 9 11 | 11.4
Necromancy     | 8 9 11 | 11.4
Translocations | 8 9 11 | 11.4
Transmutations | 8 9 11 | 11.4
Fire Magic     | 8 9 11 | 11.4
Ice Magic      | 8 9 11 | 11.4
Air Magic      | 8 9 11 | 11.4
Earth Magic    | 8 9 11 | 11.4
Poison Magic   | 8 9 11 | 11.4
Invocations    | 11 12 14 | 14.6
Evocations     | 10 11 13 | 13.5

Action                   |  1- 3 |  4- 6 |  7- 9 | 10-12 | 13-15 || total
-------------------------+-------+-------+-------+-------+-------++-------
Melee: Executioner's axe |     1 |       |       |     3 |       ||     4
Invok: Berserk           |     1 |       |       |       |       ||     1
       Trog's Hand       |       |       |       |       |     1 ||     1

Table legend: (Time is in decaauts)
 A = Elapsed time spent in this place.
 B = Non-inter-level travel time spent in this place.
 C = Inter-level travel time spent in this place.
 D = Time resting spent in this place.
 E = Time spent auto-exploring this place.
 F = Levels seen in this place.
 G = Mean time per level.
                   A        B        C        D        E       F      G
               +--------+--------+--------+--------+--------+-----+--------+
         Total |     18 |     17 |      1 |      0 |      0 |   1 |   18.0 |
       Dungeon |     18 |     17 |      1 |      0 |      0 |   1 |   18.0 |
               +--------+--------+--------+--------+--------+-----+--------+

Top non-repeatable levels by time:
       D: 18 daAuts
